 Dungeon Crawl Stone Soup version 0.23-a0-837-ga3e6480 (webtiles) character file.

19569 poirepourri the Eclecticist (level 12, -4/77 HPs)
             Began as a Deep Elf Conjurer on Jan 24, 2019.
             Was an Elder of Vehumet.
             Slain by a phantasmal warrior (34 damage)
             ... led by a death knight
             ... on level 13 of the Dungeon.
             The game lasted 00:26:24 (25046 turns).

poirepourri the Eclecticist (Deep Elf Conjurer)    Turns: 25046, Time: 00:26:26

Health: -4/77      AC:  7    Str:  5    XL:     12   Next: 37%
Magic:  4/34       EV: 17    Int: 26    God:    Vehumet [****..]
Gold:   697        SH:  0    Dex: 15    Spells: 25/43 levels left

rFire    + + +     SeeInvis .   i - +3 dagger (freeze)
rCold    . . .     Gourm    .   (no shield)
rNeg     . . .     Faith    .   a - +2 robe
rPois    +         Spirit   .   t - +2 helmet
rElec    +         Reflect  .   (no cloak)
rCorr    +         Harm     .   (no gloves)
MR       +....                  (no boots)
Stlth    +.........             m - amulet of the acrobat
HPRegen  0.22/turn              u - ring "Taaquom" {rCorr rElec rPois rF+++ Stlth-}
MPRegen  0.24/turn              (no ring)

@: very slightly contaminated
A: no striking features
a: Renounce Religion


You were on level 13 of the Dungeon.
You worshipped Vehumet.
Vehumet was greatly pleased with you.
You were not hungry.

You visited 2 branches of the dungeon, and saw 15 of its levels.

You collected 697 gold pieces.

Inventory:

Hand Weapons
 i - a +3 dagger of freezing (weapon)
Missiles
 o - 2 poisoned javelins
 B - 8 javelins (quivered)
Armour
 a - a +2 robe (worn)
 t - a +2 helmet (worn)
Magical Staves
 v - an uncursed staff of earth
Jewellery
 e - a +2 ring of protection
 k - an uncursed ring of ice
 m - an amulet of the acrobat (around neck)
 u - the ring "Taaquom" (left hand) {rCorr rElec rPois rF+++ Stlth-}
   (You found it on level 8 of the Dungeon)

   [ring of resist corrosion]

   It renders you almost immune to fire.
   It insulates you from electricity.
   It protects you from poison.
   It makes you less stealthy.
Wands
 d - a wand of disintegration (9)
 q - a wand of flame (50)
 r - a wand of digging (7)
Scrolls
 h - a scroll of remove curse
 l - a scroll of blinking
 p - 2 scrolls of identify
 A - a scroll of amnesia
Potions
 b - a potion of brilliance
 f - a potion of mutation
 g - a potion of berserk rage
 j - a potion of ambrosia
 n - a potion of haste
 x - 3 potions of heal wounds
 z - 2 potions of resistance
 D - a potion of magic
Miscellaneous
 s - a fan of gales
 w - a lamp of fire


   Skills:
 - Level 10.0 Fighting
 - Level 8.3 Dodging
 - Level 2.4 Stealth
 + Level 16.4 Spellcasting
 - Level 10.1 Conjurations


You had 25 spell levels left.
You knew the following spells:

 Your Spells              Type           Power        Failure   Level  Hunger
a - Magic Dart            Conj           ####         1%          1    None
b - Searing Ray           Conj           ######       1%          2    None
c - Dazzling Spray        Conj/Hex       #####.       1%          3    None
d - Iskenderun's Mystic   Conj           ######..     1%          4    None
e - Force Lance           Conj/Tloc      #####...     1%          4    None
f - Fulminant Prism       Conj/Hex       #####.....   1%          4    None

Your spell library contained the following spells:

 Spells                   Type           Power        Failure   Level  Hunger
 Airstrike                Air            ###.......   7%          4    None
 Freeze                   Ice            ###.         1%          1    None
 Sting                    Conj/Pois      ####         1%          1    None
 Throw Frost              Conj/Ice       #####.       1%          2    None
 Mephitic Cloud           Conj/Pois/Air  #####...     1%          3    None
 Throw Icicle             Conj/Ice       #####...     1%          4    None
 Animate Skeleton         Necr           N/A          2%          1    None
 Apportation              Tloc           ###...       2%          1    None
 Confusing Touch          Hex            ###...       2%          1    None
 Summon Small Mammal      Summ           ###.         2%          1    None
 Iskenderun's Battlesphe  Conj/Chrm      #####...     2%          5    None
 Venom Bolt               Conj/Pois      #####.....   2%          5    None
 Poisonous Vapours        Pois/Air       ###...       3%          2    None
 Bolt of Magma            Conj/Fire/Erth #####.....   4%          5    None
 Confuse                  Hex            ###.....     7%          3    None
 Gell's Gravitas          Tloc           ###.......   7%          3    None
 Ozocubu's Armour         Chrm/Ice       ###.....     7%          3    None
 Olgreb's Toxic Radiance  Pois           ###.....     7%          4    None
 Orb of Destruction       Conj           ######....   9%          7    #####..
 Iron Shot                Conj/Erth      #####.....   12%         6    ####...
 Yara's Violent Unravell  Hex/Tmut       ###.......   17%         5    None
 Petrify                  Tmut/Erth      ###.....     24%         4    None
 Summon Ice Beast         Ice/Summ       ###.....     24%         4    None
 Spellforged Servitor     Conj/Summ      #####.....   50%         7    #####..
 Metabolic Englaciation   Hex/Ice        ###.......   54%         5    None


Dungeon Overview and Level Annotations

Branches:
Dungeon (14/15)            Temple (1/1) D:7            Lair (0/6) D:8
    Orc (0/2) D:12
 Vaults: D:13-14

Altars:
Ashenzari
Cheibriados
Dithmenos
Elyvilon
Fedhas
Gozag
Hepliaklqana
Kikubaaqudgha
Makhleb
Nemelex Xobeh
Okawaru
Qazlal
Ru
Sif Muna
Trog
Uskayaw
Vehumet
Wu Jian
Xom
Yredelemnul
Zin
The Shining One

Shops:
D:6 *

Annotations:
D:14 exclusion: Roxanne, Roxanne


Message History

Aiming: Iskenderun's Mystic Blast (safe; 1% risk of failure)
Press: ? - help, Shift-Dir - straight line, f/p - phantasmal warrior
Aim: a phantasmal warrior (moderately damaged)
The orb of energy hits the phantasmal warrior!
The phantasmal warrior is heavily damaged.
The orb of energy explodes!
The phantasmal warrior misses you.
The phantasmal warrior blinks!
The phantasmal warrior barely misses you.
You hit the phantasmal warrior but do no damage.
The phantasmal warrior is heavily damaged.
The phantasmal warrior hits you!
Casting: Iskenderun's Mystic Blast (safe; 1% risk of failure)
Confirm with . or Enter, or press ? or * to list all spells.
Aiming: Iskenderun's Mystic Blast (safe; 1% risk of failure)
Press: ? - help, Shift-Dir - straight line, f/p - phantasmal warrior
Aim: a phantasmal warrior (moderately damaged)
The orb of energy hits the phantasmal warrior!
The phantasmal warrior is severely damaged.
The phantasmal warrior hits you!!
You die...

########### #.>.@W....#
#.#######.# #.# #.# #####
####.##### #.###########
####...###........#
#.#..(.......
...........##.###.#
#.#.#########
#.............# #.# #>#.#
.........###..###.###.#.#
#....(...# #....).......#


You could see a phantasmal warrior.

Vanquished Creatures
  A centaur warrior (D:13)
  2 two-headed ogres (D:13)
  Sonja (D:10)
  An unseen horror (D:11)
  2 cyclopes
  2 ugly things
  Maurice (D:8)
  A centaur skeleton (D:11)
  4 kobold demonologists
  A komodo dragon (D:14)
  Prince Ribbit (D:8)
  4 hippogriffs
  A meliai zombie (D:13)
  A shadow (D:13)
  A wraith (D:13)
  18 yaks
  A human (D:7)
  2 hungry ghosts (D:9)
  2 basilisks (D:8)
  A hog (D:7)
  5 vampire mosquitoes (D:13)
  A water moccasin (D:11)
  A soldier ant (D:14)
  4 porcupines (D:8)
  7 orc warriors
  3 sky beasts
  An eye of draining (D:10)
  An ice beast (D:14)
  A phantom (D:8)
  2 necrophages
  8 ogres
  11 centaurs
  A crocodile (D:8)
  6 big kobolds
  10 bullfrogs
  A wyvern zombie (D:11)
  A scorpion (D:6)
  6 killer bees (D:12)
  A water moccasin skeleton (D:9)
  5 wights (D:9)
  9 howler monkeys
  5 jellies
  2 crimson imps
  A bullfrog zombie (D:6)
  A quasit (D:13)
  18 orc wizards
  A gnoll shaman (D:5)
  14 hounds
  2 bullfrog skeletons
  3 orc priests
  4 iguanas
  12 worker ants
  A hound zombie (D:11)
  A hound skeleton (D:5)
  11 gnolls
  6 adders
  A howler monkey skeleton (D:10)
  A shadow imp (D:8)
  An adder skeleton (D:7)
  3 adder zombies
  5 worms
  2 dart slugs
  52 orcs
  3 giant cockroaches
  5 goblins
  3 hobgoblins
  12 jackals
  A quokka (D:9)
  A ball python (D:3)
  5 bats
  6 frilled lizards
  31 kobolds
  11 rats
358 creatures vanquished.

Vanquished Creatures (others)
  A quokka (D:5)
  A quokka skeleton (D:5)
  8 fulminant prisms
  15 fungi
  8 plants (D:8)
33 creatures vanquished.

Grand Total: 391 creatures vanquished

Notes
Turn   | Place    | Note
-------+----------+-------------------------------------------
     0 | D:1      | poirepourri the Deep Elf Conjurer began the quest for the
                  | Orb.
     0 | D:1      | Reached XP level 1. HP: 10/10 MP: 6/6
     6 | D:1      | Noticed a hog
     6 | D:1      | Noticed a komodo dragon
     6 | D:1      | Noticed a water moccasin
     6 | D:1      | Noticed a swamp drake
   317 | D:1      | Reached skill level 4 in Spellcasting
   317 | D:1      | Reached XP level 2. HP: 15/15 MP: 5/9
   795 | D:2      | Learned a level 2 spell: Searing Ray
   985 | D:2      | Reached XP level 3. HP: 15/19 MP: 6/11
  1069 | D:2      | Reached skill level 5 in Spellcasting
  1074 | D:2      | Learned a level 3 spell: Dazzling Spray
  1858 | D:3      | Reached skill level 6 in Spellcasting
  1858 | D:3      | Reached XP level 4. HP: 23/24 MP: 4/14
  3038 | D:3      | Learned a level 4 spell: Iskenderun's Mystic Blast
  3161 | D:3      | Learned a level 4 spell: Force Lance
  3324 | D:3      | Found an opulent altar of Gozag.
  3679 | D:4      | Reached skill level 7 in Spellcasting
  3679 | D:4      | Reached XP level 5. HP: 28/28 MP: 9/16
  4002 | D:4      | Reached skill level 8 in Spellcasting
  4325 | D:4      | Reached XP level 6. HP: 32/32 MP: 11/19
  4703 | D:5      | Entered Level 5 of the Dungeon
  4729 | D:5      | Reached skill level 9 in Spellcasting
  4846 | D:4      | Learned a level 4 spell: Fulminant Prism
  5018 | D:5      | Found a sacrificial altar of Ru.
  5414 | D:5      | Found a white marble altar of Elyvilon.
  5492 | D:5      | Noticed a sky beast
  5495 | D:5      | Killed a sky beast
  5495 | D:5      | Reached skill level 10 in Spellcasting
  5495 | D:5      | Reached XP level 7. HP: 36/36 MP: 8/22
  6265 | D:5      | Reached skill level 11 in Spellcasting
  7249 | D:6      | Reached skill level 12 in Spellcasting
  7500 | D:6      | Reached XP level 8. HP: 37/41 MP: 4/26
  7510 | D:6      | Reached skill level 5 in Conjurations
  7775 | D:6      | Found Codoboufa's General Store.
  9771 | D:7      | Found a staircase to the Ecumenical Temple.
  9788 | Temple   | Entered the Ecumenical Temple
  9860 | Temple   | Became a worshipper of Vehumet
  9885 | D:7      | Reached XP level 9. HP: 7/45 MP: 10/27
 10750 | D:7      | Reached skill level 10 in Conjurations
 10916 | D:7      | Reached skill level 1 in Fighting
 11702 | D:7      | Reached * piety under Vehumet
 11702 | D:7      | Offered knowledge of Freeze by Vehumet.
 11870 | D:8      | Noticed Maurice
 11874 | D:8      | Killed Maurice
 11874 | D:8      | Reached skill level 5 in Fighting
 12158 | D:8      | Reached XP level 10. HP: 60/60 MP: 2/28
 12571 | D:8      | Got a clouded platinum ring
 12573 | D:8      | Identified the ring "Taaquom" {rCorr rElec rPois rF+++
                  | Stlth-} (You found it on level 8 of the Dungeon)
 12600 | D:8      | Found a staircase to the Lair.
 12663 | D:8      | Noticed Prince Ribbit
 12666 | D:8      | Killed Prince Ribbit
 13848 | D:8      | Found a deep blue altar of Sif Muna.
 13848 | D:8      | Found a shadowy altar of Dithmenos.
 13854 | D:8      | Found an iron altar of Okawaru.
 13856 | D:8      | Found a faded altar of an unknown god.
 13858 | D:8      | Found a faded altar of an unknown god.
 14601 | D:9      | Offered knowledge of Throw Flame by Vehumet.
 14947 | D:9      | Reached ** piety under Vehumet
 16003 | D:10     | Entered Level 10 of the Dungeon
 16423 | D:10     | Noticed Sonja
 16425 | D:10     | Killed Sonja
 16778 | D:10     | Reached XP level 11. HP: 72/72 MP: 21/29
 17151 | D:10     | Reached skill level 10 in Fighting
 17687 | D:11     | Noticed a cyan ugly thing
 17696 | D:10     | Offered knowledge of Ignite Poison by Vehumet.
 18123 | D:11     | Reached skill level 5 in Dodging
 18126 | D:11     | Reached *** piety under Vehumet
 19427 | D:11     | Killed a cyan ugly thing
 19760 | D:11     | Killed an unseen horror
 19760 | D:11     | Offered knowledge of Sticky Flame by Vehumet.
 20441 | D:12     | Noticed a soul eater
 20770 | D:12     | Found a staircase to the Orcish Mines.
 20852 | D:12     | Noticed a purple ugly thing
 20870 | D:12     | Killed a purple ugly thing
 20870 | D:12     | Reached skill level 13 in Spellcasting
 21554 | D:11     | Reached **** piety under Vehumet
 21650 | D:12     | Offered knowledge of Airstrike by Vehumet.
 21660 | D:12     | Reached skill level 14 in Spellcasting
 22480 | D:13     | Noticed a two-headed ogre
 22483 | D:13     | Killed a two-headed ogre
 22483 | D:13     | Reached XP level 12. HP: 45/77 MP: 5/32
 22701 | D:13     | Noticed a centaur warrior
 22704 | D:13     | Killed a centaur warrior
 22704 | D:13     | Reached skill level 15 in Spellcasting
 23363 | D:13     | Noticed a two-headed ogre
 23370 | D:13     | Killed a two-headed ogre
 23479 | D:13     | Reached skill level 16 in Spellcasting
 24176 | D:13     | Got a fine leather armour
 24180 | D:13     | Identified the cursed +0 leather armour of Divine
                  | Compulsion {+Blink rN+ Slay-4} (You found it on level 13 of
                  | the Dungeon)
 24560 | D:14     | Identified Roxanne's Catalogue of the Mountains
 24560 | D:14     | Noticed Roxanne
 24567 | D:14     | HP: 3/77 [Roxanne/crystal spear (24)]
 25046 | D:13     | Slain by a phantasmal warrior

Vault maps used:
D:1:      onia_arrival_zoo_common
D:2:      first_ration
D:3:      grunt_gozag_statues
D:4:      serial_aquarium, aquarium_bridge_straight, aquarium_window_2,
          aquarium_window_fake, aquarium_view_2e, aquarium_balcony_double_4
D:5:      nicolae_ru_sacrificial_ziggurat, elyvilon_altar_4
D:6:      serial_shops, nicolae_shop_crystal
D:7:      minmay_temple_entry_wispy, grunt_livestock,
          minmay_a_box_with_orc_wizards_in_it
D:8:      chequers_temple_overflow_minitemple, minmay_lair_entry_grove,
          uniq_prince_ribbit1, uniq_maurice
D:10:     minmay_misc_feat_encased, uniq_sonja
D:11:     fountainhead, minmay_variable_closet
D:12:     orc_0_dummy
D:13:     abandoned_shop
D:14:     ximxim_vaults_locker_room, old_standard_altar,
          minmay_stone_trees_small, uniq_roxanne, uniq_snorg
Temple:   compressed_dpeg_circular_temple

Skill      XL: |  1  2  3  4  5  6  7  8  9 10 11 12 |
---------------+-------------------------------------+-----
Spellcasting   | 4 6 7 8 10 12 14 16 | 16.4
Conjurations   | 9 10 | 10.1
Fighting       | 6 9 10 | 10.0
Dodging        | 8 |  8.3
Stealth        | |  2.4

Action                   |  1- 3 |  4- 6 |  7- 9 | 10-12 || total
-------------------------+-------+-------+-------+-------++-------
Melee: Dagger            |     2 |       |    41 |   104 ||   147
Throw: Javelin           |       |     2 |       |       ||     2
 Cast: Magic Dart        |    51 |    60 |    22 |    42 ||   175
       Searing Ray       |     3 |    19 |     7 |     6 ||    35
       Iskenderun's Myst |       |    26 |   110 |   317 ||   453
       Dazzling Spray    |       |       |    17 |    40 ||    57
       Fulminant Prism   |       |       |       |     8 ||     8
Evoke: Wand              |       |       |     5 |    33 ||    38
       Lamp of fire      |       |       |       |     1 ||     1
  Use: Scroll            |     4 |     7 |    12 |    18 ||    41
       Potion            |       |       |     8 |     4 ||    12
 Stab: Invisible         |       |       |     1 |     1 ||     2
  Eat: Ration            |     2 |     4 |     6 |    11 ||    23
Armor: Robe              |     2 |    10 |    12 |    46 ||    70
       Skin              |       |       |    13 |    15 ||    28
Dodge: Dodged            |     4 |    19 |    46 |   212 ||   281

Table legend:
 A = Non-vault XP
 B = Vault XP
 C = Vault XP percentage of total XP
 D = Non-vault monster count
 E = Vault monster count
 F = Vault count percentage of total count
                 A         B        C        D         E       F
            +---------+---------+-------+---------+---------+-------
      Total |   23063 |    4894 |  17.5 |     332 |      26 |   7.3
            +---------+---------+-------+---------+---------+-------
        D:1 |      22 |       0 |   0.0 |      15 |       0 |   0.0
        D:2 |      29 |       0 |   0.0 |      11 |       0 |   0.0
        D:3 |     115 |       0 |   0.0 |      29 |       0 |   0.0
        D:4 |     246 |       0 |   0.0 |      17 |       0 |   0.0
        D:5 |     648 |       0 |   0.0 |      25 |       0 |   0.0
        D:6 |     842 |     213 |  20.2 |      23 |       1 |   4.2
        D:7 |    1274 |    1033 |  44.8 |      27 |      10 |  27.0
        D:8 |     421 |    2821 |  87.0 |      10 |      14 |  58.3
        D:9 |    1753 |       0 |   0.0 |      34 |       0 |   0.0
       D:10 |    1690 |     827 |  32.9 |      30 |       1 |   3.2
       D:11 |    5158 |       0 |   0.0 |      39 |       0 |   0.0
       D:12 |    3461 |       0 |   0.0 |      32 |       0 |   0.0
       D:13 |    5993 |       0 |   0.0 |      32 |       0 |   0.0
       D:14 |    1411 |       0 |   0.0 |       8 |       0 |   0.0
            +---------+---------+-------+---------+---------+-------
